 Dungeon Crawl Stone Soup version 0.21.1-1-g345015f (webtiles) character file.

223 shakethe the Skirmisher (level 6, 0/39 HPs)
             Began as a Gargoyle Fighter on Feb 14, 2018.
             Killed by divine providence
             ... invoked by an orc priest
              (11 damage)
             ... on level 2 of the Dungeon.
             The game lasted 00:05:43 (2342 turns).

shakethe the Skirmisher (Gargoyle Fighter)          Turns: 2342, Time: 00:05:44

Health: 0/39       AC: 15    Str: 20    XL:     6   Next: 0%
Magic:  15/15      EV:  7    Int: 10    God:
Gold:   92         SH:  9    Dex:  9    Spells: 5/5 levels left

rFire    . . .     SeeInvis .   a - +0 war axe
rCold    . . .     Gourm    .   c - +0 shield
rNeg     + . .     Faith    .   b - +0 scale mail
rPois    ∞         Spirit   .   p - +0 helmet
rElec    +         Reflect  .   i - +0 cloak
rCorr    .         Harm     .   k - +0 pair of gloves
MR       .....                  (no boots)
Stlth    ..........             (no amulet)
HPRegen  0.13/turn              n - ring of magical power {MP+9}
MPRegen  0.14/turn              u - ring of flight {+Fly, !d}

@: no status effects
A: negative energy resistance 1, electricity resistance, unbreathing,
petrification resistance, rot immunity, AC +4
a: Evoke Flight


You were on level 2 of the Dungeon.
You were not hungry.

You visited 1 branch of the dungeon, and saw 3 of its levels.
You also visited: Sewer.

You collected 92 gold pieces.

Inventory:

Hand Weapons
 a - a +0 war axe (weapon)
Armour
 b - a +0 scale mail (worn)
 c - a +0 shield (worn)
 i - a +0 cloak (worn)
   (You found it on level 1 of the Dungeon)
 k - a +0 pair of gloves (worn)
   (You found it on level 1 of the Dungeon)
 p - a +0 helmet (worn)
   (You found it on level 2 of the Dungeon)
Jewellery
 n - a ring of magical power (left hand) {MP+9}
   (You found it on level 2 of the Dungeon)
 u - a ring of flight (right hand) {+Fly, !d}
   (You found it in a sewer)
Scrolls
 g - a scroll of identify {unknown}
 h - 3 scrolls of remove curse {unknown}
 m - 2 scrolls of immolation {unknown}
 q - a scroll of enchant weapon {unknown}
 r - 3 scrolls of fog {unknown}
 v - a scroll of teleportation {unknown}
 w - 2 scrolls of blinking {unknown}
 x - a scroll of fear {unknown}
Potions
 d - a potion of might
 e - 2 potions of magic {unknown}
 j - a potion of degeneration {unknown}
 l - a potion of lignification {unknown}
 o - 2 potions of mutation {unknown}
 s - a potion of ambrosia {unknown}
Comestibles
 f - 4 rations
 t - a chunk of flesh {@w0}


   Skills:
 + Level 4.5 Fighting
 * Level 4.1 Axes
 + Level 4.5 Armour
 - Level 3.2 Shields


You had 5 spell levels left.
You didn't know any spells.

Dungeon Overview and Level Annotations

Branches:
Dungeon (3/15)

Altars:
Hepliaklqana


Innate Abilities, Weirdness & Mutations

You are resistant to torment.
Your stone body is resilient. (AC +4)
You are immune to poison.
You resist negative energy. (rN+)
You are resistant to electric shocks. (rElec)
You can survive without breathing.
You are immune to petrification.
You are immune to rotting.


Message History

No target in view!
No target in view!
No target in view!
No target in view!
No target in view!
No target in view!
Things that are here:
an enchanted spear; a gnoll corpse You are feeling very hungry.
Things that are here:
an enchanted spear; a gnoll corpse You see here a stone.
There is a stone staircase leading down here.
You see here a stone.
There is a stone staircase leading down here.
You see here a stone.
Things that are here:
an enchanted spear; a gnoll corpse You butcher the gnoll corpse.
t - 2 chunks of flesh {@w0} You see here an enchanted spear.
Eating one of 2 chunks of flesh {@w0}.
You eat one of the 2 chunks of flesh {@w0}.
Okay, then.
You see here a stone.
There is a stone staircase leading down here.
You see here a stone.
There is a stone staircase leading down here.
You climb downwards.
There is a stone staircase leading up here.
You now have 92 gold pieces (gained 10).
The orc shouts!
The orc is too close now for your liking.
The orc priest shouts!
Things that are here:
a club; an orc corpse You closely miss the orc priest.
You barely miss the orc. The orc hits you but does no damage.
The orc priest casts a cantrip, but nothing happens.
Things that are here:
a club; an orc corpse The orc priest casts a cantrip, but nothing happens.
The orc priest casts a cantrip, but nothing happens.
The orc priest looks braver for a moment.
The orc hits you but does no damage.
Your shield and scale mail prevent you from hitting the orc.
The orc hits you but does no damage.
The orc priest calls down the wrath of Beogh upon you.
Beogh smites you! The orc hits you but does no damage.
You take 13 damage, and have 20/34 hp.
MASSIVE DAMAGE!!
You hit the orc priest. You barely miss the orc.
The orc hits you but does no damage.
The orc priest hits you but does no damage.
You slash the orc!
You kill the orc!
You have reached level 6!
Your experience leads to an increase in your attributes!
Increase (S)trength, (I)ntelligence, or (D)exterity?
You feel clever.
You hit the orc priest.
The orc priest hits you but does no damage.
You regained 3 hp, and now have 23/39 hp.
MP restored: 15 Your shield and scale mail prevent you from hitting the orc priest.
The orc priest barely misses you.
The orc priest calls upon Beogh to heal the orc priest.
The orc priest is healed somewhat.
The orc priest miscasts a cantrip.
The orc priest barely misses you.
The orc priest looks braver for a moment.
Things that are here:
a club; a pink potion; an orc corpse The orc priest invokes the aid of Beogh against you.
Beogh smites you!
You take 9 damage, and have 14/39 hp.
MASSIVE DAMAGE!!
You block the orc priest's attack.
The orc priest hits you but does no damage.
You block the orc priest's attack. The orc priest hits you.
* * * LOW HITPOINT WARNING * * *
There is a stone staircase leading up here.
You take 4 damage, and have 10/39 hp.
The orc priest closely misses you.
You climb upwards.
There is a stone staircase leading down here.
You hit the orc priest but do no damage.
The orc priest begins to cast a cantrip, but forgets the words!
You slash the orc priest!
The orc priest hits you but does no damage.
You hit the orc priest.
The orc priest looks encouraged for a moment.
The orc priest hits you but does no damage.
You barely miss the orc priest.
The orc priest hits you but does no damage.
You hit the orc priest.
The orc priest mumbles some strange prayers to Beogh against you.
Beogh smites you!
You die...

#################
#...............#
###.###########.#
##.##.......##.###
#######.................
#...............#.##.###
#.####)o#######.#.##.#
#.#....@.............###
#.#...)...#####......##.
#.#.......'..........##.
#.........#####.......#.
#.#.......#####.#'##..#.
#...............#.##..#.
###.#############.......
#.# #............#..
#.#####...#####....#..


You could see an orc priest.

Vanquished Creatures
  An orc priest (D:2)
  4 gnolls
  3 adders
  3 river rats (Sewer)
  3 oozes (D:1)
  3 worms
  A dart slug (D:1)
  A leopard gecko (D:1)
  2 orcs (D:3)
  5 ball pythons
  10 bats
  4 giant cockroaches
  4 goblins
  6 hobgoblins
  6 jackals (D:2)
  6 kobolds
  8 frilled lizards
  14 rats
84 creatures vanquished.

Notes
Turn   | Place    | Note
-------+----------+-------------------------------------------
     0 | D:1      | shakethe the Gargoyle Fighter began the quest for the Orb.
     0 | D:1      | Reached XP level 1. HP: 14/14 MP: 1/1
    63 | D:1      | Reached skill level 2 in Axes
    63 | D:1      | Reached XP level 2. HP: 19/19 MP: 2/2
   364 | D:1      | Reached XP level 3. HP: 21/23 MP: 3/3
   947 | D:1      | Reached skill level 3 in Axes
   947 | D:1      | Reached XP level 4. HP: 18/29 MP: 4/4
  1203 | D:2      | Reached skill level 4 in Fighting
  1204 | D:2      | Reached skill level 4 in Armour
  1278 | D:2      | Found a hazy altar of Hepliaklqana.
  1629 | D:2      | Reached XP level 5. HP: 33/33 MP: 5/5
  1722 | D:3      | Found a glowing drain.
  1747 | Sewer    | Entered a sewer
  1890 | Sewer    | Reached skill level 4 in Axes
  2327 | D:3      | Reached XP level 6. HP: 23/39 MP: 6/6
  2342 | D:2      | Killed from afar by an orc priest

Skill      XL: |  1  2  3  4  5 |
---------------+----------------+-----
Axes           | 2 3 4 |  4.1
Fighting       | 4 |  4.5
Armour         | 4 |  4.5
Shields        | |  3.2

Action                   |  1- 3 |  4- 6 || total
-------------------------+-------+-------++-------
Melee: War axe           |    86 |   185 ||   271
  Eat: Chunk             |       |     5 ||     5
Armor: Scale mail        |    61 |   111 ||   172
Dodge: Dodged            |    34 |    56 ||    90
Block: Shield            |    63 |   107 ||   170

Vault maps used:
D:1:      dpeg_arrival_central, serial_corexii_hall, corexii_hall_statues_l,
          corexii_hall_statues_i, corexii_hall_statues_l,
          corexii_hall_statues_i, minmay_tromino_v4_a
D:2:      overflow_temple_1_default
D:3:      cheibrodos_sewer_entry_sluice, first_ration
Sewer:    sewer_co_cracked_pipes

Table legend:
 A = Turns spent in this place as a percentage of turns spent in the entire game.
 B = Non-inter-level travel turns spent in this place as a percentage of non-inter-level travel turns spent in the entire game.
 C = Inter-level travel turns spent in this place as a percentage of turns spent in this place.
 D = Turns resting spent in this place as a percentage of non-inter-level travel turns spent in this place.
 E = Turns spent auto-exploring this place as a percentage of non-inter-level travel turns spent in this place.
 F = Non-inter-level travel turns spent in this place divided by the number of levels of this place that you've seen.
                   A       B       C       D       E      F
               +-------+-------+-------+-------+-------+----------------------
         Total | 100.0 | 100.0 |   0.0 |   0.0 |  56.3 | 585.5
       Dungeon |  83.3 |  83.3 |   0.0 |   0.0 |  55.7 | 650.0
         Sewer |  16.7 |  16.7 |   0.0 |   0.0 |  58.9 | 392.0
               +-------+-------+-------+-------+-------+----------------------

Table legend:
 A = Kills in this place as a percentage of kills in entire the game.
 B = Kills by you in this place as a percentage of kills by you in the entire game.
 C = Kills by friends in this place as a percentage of kills by friends in the entire game.
 D = Other kills in this place as a percentage of other kills in the entire game.
 E = Experience gained in this place as a percentage of experience gained in the entire game.
 F = Experience gained in this place divided by the number of levels of this place that you have seen.
                   A       B       C       D       E      F
               +-------+-------+-------+-------+-------+----------------------
         Total | 100.0 | 100.0 |   N/A |   N/A | 100.0 |  79.8
       Dungeon |  75.0 |  75.0 |   N/A |   N/A |  78.4 |  83.3
         Sewer |  25.0 |  25.0 |   N/A |   N/A |  21.6 |  69.0
               +-------+-------+-------+-------+-------+----------------------
